 Dungeon Crawl Stone Soup version 0.17-a0-1951-g62301d3 (webtiles) character file.

39 Ordine the Sneak (level 3, -3/16 HPs)
             Began as a Spriggan Enchanter on Oct 3, 2015.
             Was an Initiate of Ashenzari.
             Slain by a gnoll
             ... wielding a +0 spear
              (4 damage)
             ... on level 2 of the Dungeon.
             The game lasted 00:07:38 (1285 turns).

Ordine the Sneak (Spriggan Enchanter)               Turns: 1285, Time: 00:07:38

Health: -3/16      AC:  4    Str:  4    XL:     3   Next: 28%
Magic:  1/9        EV: 20    Int: 23    God:    Ashenzari [......]
Gold:   64         SH:  0    Dex: 16    Spells: 2 memorised, 7 levels left

rFire  . . .     SeeInvis +     a - +2 dagger
rCold  . . .     Clarity  .     b - +2 robe
rNeg   . . .     SustAt   .     (shield restricted)
rPois  .         Gourm    .     (helmet restricted)
rElec  .         Spirit   .     (no cloak)
rCorr  .         Warding  .     (gloves unavailable)
rMut   .         Stasis   +     (boots unavailable)
MR     .....                    p - amulet of stasis
Stlth  +++.......               j - +2 ring of evasion
                                i - +6 ring of intelligence

@: very slightly contaminated, very quick, not resistant to hostile
enchantments, fairly stealthy
A: unfitting armour, see invisible, herbivore 3, speed 3, slow metabolism 2
a: Renounce Religion


You were on level 2 of the Dungeon.
You worshipped Ashenzari.
Ashenzari was noncommittal.
You were not hungry.

You visited 1 branch of the dungeon, and saw 3 of its levels.

You collected 64 gold pieces.

Inventory:

Hand weapons
 a - a +2 dagger (weapon)
Armour
 b - a +2 robe (worn)
Jewellery
 i - a +6 ring of intelligence (left hand)
 j - a +2 ring of evasion (right hand)
 p - an amulet of stasis (around neck)
Scrolls
 m - a scroll of enchant armour
Potions
 e - a potion of resistance {unknown}
 f - a potion of might {unknown}
 g - a potion of flight {unknown}
 h - a potion of magic {unknown}
 k - 2 potions of heal wounds {unknown}
 l - a potion of degeneration {unknown}
 n - a potion of brilliance {unknown}
 o - a potion of haste {unknown}
Books
 c - a book of Maledictions

   Spells                             Type                      Level
   a - Corona                         Hexes                        1
   b - Ensorcelled Hibernation        Hexes/Ice                    2
   c - Confuse                        Hexes                        3
   d - Tukima's Dance                 Hexes                        3
   e - Dazzling Spray                 Conjuration/Hexes            3
Comestibles
 d - a bread ration


   Skills:
 + Level 2.1 Short Blades
 - Level 3.0 Dodging
 - Level 4.4 Stealth
 * Level 4.1 Spellcasting
 - Level 3.6 Hexes


You had 7 spell levels left.
You knew the following spells:

 Your Spells              Type           Power        Failure   Level  Hunger
a - Corona                Hex            ###....      2%          1    None
b - Ensorcelled Hibernat  Hex/Ice        ##....       10%         2    #......


Dungeon Overview and Level Annotations

Branches:
Dungeon (3/15)

Altars:
Ashenzari


Innate Abilities, Weirdness & Mutations

You are tiny and cannot use many weapons and most armour.
You have supernaturally acute eyesight.
You are a herbivore.
You cover ground extremely quickly.
You need consume almost no food.


Message History

Press: ? - help, Shift-Dir - straight line, f/p - gnoll
Aim: a gnoll, wielding a spear (chance to defeat MR: 52%)
The gnoll resists with significant effort.
The gnoll barely misses you. The gnoll closely misses you.
Casting: Ensorcelled Hibernation
Confirm with . or Enter, or press ? or * to list all spells.
Aiming: Ensorcelled Hibernation
Press: ? - help, Shift-Dir - straight line, f/p - gnoll
Aim: a gnoll, wielding a spear (chance to defeat MR: 52%)
The gnoll resists with significant effort.
The gnoll completely misses you.
Casting: Ensorcelled Hibernation
Confirm with . or Enter, or press ? or * to list all spells.
Aiming: Ensorcelled Hibernation
Press: ? - help, Shift-Dir - straight line, f/p - gnoll
Aim: a gnoll, wielding a spear (chance to defeat MR: 52%)
The gnoll resists with significant effort.
The gnoll hits you from afar with a spear.
You die...

###.# #g#
########## #.# #.#
#........# #.# #.#
#........# #.# #.#
###...รท....#
###.#
#.#####.#...<<...#
....#
#..g>...#........#
#####
#######.#...g....#
#.'........#
###.@......#
##########


You could see a gnoll.

Vanquished Creatures
  2 gnolls
  An ooze (D:1)
  A giant cockroach (D:1)
  3 hobgoblins
  A giant newt (D:1)
  6 goblins (D:1)
  A kobold (D:1)
  4 rats
19 creatures vanquished.

Notes
Turn   | Place    | Note
--------------------------------------------------------------
     0 | D:1      | Ordine the Spriggan Enchanter began the quest for the Orb.
     0 | D:1      | Reached XP level 1. HP: 9/9 MP: 5/5
   198 | D:1      | Reached XP level 2. HP: 13/13 MP: 7/7
   202 | D:1      | Learned a level 2 spell: Ensorcelled Hibernation
   211 | D:1      | Found a shattered altar of Ashenzari.
   216 | D:1      | Became a worshipper of Ashenzari the Shackled
   926 | D:2      | Reached XP level 3. HP: 16/16 MP: 3/9
  1285 | D:2      | Slain by a gnoll

Vault maps used:
D:1:      lemuel_arrival_funnel, supply_closet_lemuel, glass_columns_b,
          ashenzari_altar_1
D:2:      nicolae_overflow_crystal_walls
D:3:      xom_butterflies, grunt_temple_overflow_open, tso_altar,
          lemuel_crystal_altar, first_bread, dk_xom_monty_hall, uniq_grinder,
          uniq_natasha, uniq_sigmund

Action                   || total
-------------------------++-------
Melee: Dagger            ||    34
 Cast: Ensorcelled Hiber ||    12
  Use: Scroll            ||     4
 Stab: Sleeping          ||     8
